 Dungeon Crawl Stone Soup version 0.31-a0-981-geadf994542 (webtiles) character file.

Game seed: 11665730392609714053

27 promet the Gusty (level 3, -3/32 HPs)
             Began as an Ogre Air Elementalist on Oct 31, 2023.
             Was a Follower of Makhleb.
             Slain by a kobold
             ... wielding a +1 dagger of electrocution
              (14 damage)
             ... on level 2 of the Dungeon.
             The game lasted 00:06:30 (1780 turns).

promet the Gusty (Ogre Air Elementalist)            Turns: 1780, Time: 00:06:30

Health: -3/32      AC:  3    Str: 12    XL:     3   Next: 10%
Magic:  1/7        EV:  9    Int: 18    God:    Makhleb [*.....]
Gold:   76         SH:  0    Dex:  9    Spells: 4/7 levels left

rFire   . . .        a - +0 hand axe
rCold   . . .        (no shield)
rNeg    . . .        c - +0 robe
rPois   .            (helmet restricted)
rElec   .            (no cloak)
rCorr   .            (gloves unavailable)
SInv    .            (boots unavailable)
Will    .....        (no amulet)
Stlth   +            (no ring)
HPRegen 0.25/turn    (no ring)
MPRegen 0.10/turn

%: no passive effects
@: very slightly contaminated
A: large, unfitting armour, tough skin 1
a: Renounce Religion


You were on level 2 of the Dungeon.
You worshipped Makhleb.
Makhleb was aware of your devotion.
You visited 1 branch of the dungeon, and saw 2 of its levels.

You collected 76 gold pieces.

Inventory:

Hand Weapons
 a - a +0 hand axe (weapon)
Missiles
 h - 4 stones
Armour
 c - a +0 robe (worn)
Scrolls
 d - a scroll of blinking
 i - a scroll of fear
 k - a scroll of amnesia {unknown}
Potions
 b - a potion of magic
 j - a potion of cancellation
 l - a potion of lignification


   Skills:
 + Level 0.3 Fighting
 + Level 0.4 Axes
 + Level 1.9 Dodging
 + Level 1.5 Stealth
 + Level 2.8 Spellcasting
 + Level 1.0 Conjurations
 + Level 3.2 Air Magic


You had 4 spell levels left.
You knew the following spells:

 Your Spells              Type           Power      Damage    Failure   Level
a - Shock                 Conj/Air       40%        1d5       7%          1
b - Static Discharge      Conj/Air       20%        3-4/arc   11%         2

Your spell library contained the following spells:

 Spells                   Type           Power      Damage    Failure   Level
 Swiftness                Air            14%        N/A       13%         3
 Airstrike                Air            7%         2d(1-17)  41%         4


Dungeon Overview and Level Annotations

Branches:
Dungeon (2/15)

Altars:
Makhleb

Shops:
D:1 !


Innate Abilities, Weirdness & Mutations

You are too large for most types of armour.
You have tough skin. (AC +1)


Message History

Found a whip.
As you read the scroll labelled YCEOMEXAAX, it dissolves into smoke.
It was a scroll of fog.
As you read the scroll labelled VAT WATZITWYG, it crumbles to dust.
It is a scroll of identify.
j - a potion of cancellation
As you read the scroll of identify, it crumbles to dust.
l - a potion of lignification
As you read the scroll of identify, it crumbles to dust.
i - a scroll of fear A kobold comes into view.
It is wielding a +1 dagger of electrocution.
Found a sling.
The kobold shouts!
Casting: Shock (safe; 7% risk of failure)
Confirm with . or Enter, or press ? or * to list all spells.
Aiming: Shock (safe; 7% risk of failure)
Press: ? - help, Shift-Dir - straight line, f - kobold
Aim: a kobold, wielding a +1 dagger of electrocution and quivering stones (60% to hit)
The zap misses the kobold.
Casting: Shock (safe; 7% risk of failure)
Confirm with . or Enter, or press ? or * to list all spells.
You miscast Static Discharge.
You are very lightly contaminated with residual magic.
Nothing appears to happen.
The kobold hits you but does no damage.
You are electrocuted!!
Ouch! That really hurt!
Casting: Static Discharge (safe; 11% risk of failure)
Confirm with . or Enter, or press ? or * to list all spells.
Aiming: Shock (safe; 7% risk of failure)
Press: ? - help, Shift-Dir - straight line, f/p - kobold
Aim: a kobold, wielding a +1 dagger of electrocution and quivering stones (60% to hit)
The zap hits the kobold.
The kobold is heavily wounded.
The kobold closely misses you.
Casting: Shock (safe; 7% risk of failure)
Confirm with . or Enter, or press ? or * to list all spells.
You miscast Static Discharge.
Nothing appears to happen.
The kobold hits you with a +1 dagger of electrocution.
You are electrocuted!
You die...

#.##########
## #.# #.
#.# ## #.# #
#.# #.#
#...> #.#
#.###
#.#######
#.....@.#
#######K# .#
.# .# .# )#
##


You could see a kobold.

Vanquished Creatures
  4 bats
  2 endoplasms (D:1)
  3 giant cockroaches
  2 goblins (D:1)
  A hobgoblin (D:1)
  A jackal (D:1)
  2 kobolds (D:1)
  A quokka (D:1)
  5 ball pythons
  A frilled lizard (D:2)
  2 rats (D:1)
24 creatures vanquished.

Notes
Turn   | Place    | Note
-------+----------+-------------------------------------------
     0 | D:1      | promet the Ogre Air Elementalist began the quest for the
                  | Orb.
     0 | D:1      | Reached XP level 1. HP: 16/16 MP: 3/3
   216 | D:1      | Reached XP level 2. HP: 24/24 MP: 3/5
   353 | D:1      | Reached skill level 3 in Air Magic
   625 | D:1      | Found Zunol's Distillery.
   635 | D:1      | Reached skill level 1 in Conjurations
  1071 | D:1      | Found a faded altar of an unknown god.
  1086 | D:1      | Prayed at the altar of an unknown god.
  1086 | D:1      | Became a worshipper of Makhleb the Destroyer
  1086 | D:1      | Reached * piety under Makhleb
  1407 | D:1      | Learned a level 2 spell: Static Discharge
  1678 | D:2      | Reached XP level 3. HP: 32/32 MP: 7/7
  1780 | D:2      | Slain by a kobold

Illustrated notes

Levels and vault maps discovered:
D:1:      minmay_arrival_split_and_join, layout_basic,
          shapermc_ecumenical_altar_mp_urbaneastern, serial_shops,
          nicolae_shop_gibbet_a_chance, minmay_pentomino_t4
D:2:      minmay_angry_zag, layout_loops_ring, kennysheep_generic_room_3

Skill      XL: |  1  2 |
---------------+-------+-----
Air Magic      | 3 |  3.2
Conjurations   | 1 |  1.0
Fighting       | |  0.3
Axes           | |  0.4
Dodging        | |  1.9
Stealth        | |  1.5
Spellcasting   | |  2.8

Action                     || total
---------------------------++-------
  Melee: Hand axe          ||    42
         Punch             ||     1
   Cast: Shock             ||    31
    Use: Scroll            ||     6
   Stab: Sleeping          ||     2
 Armour: Robe              ||    34
  Dodge: Dodged            ||    29

Table legend: (Time is in decaauts)
 A = Elapsed time spent in this place.
 B = Non-inter-level travel time spent in this place.
 C = Inter-level travel time spent in this place.
 D = Time resting spent in this place.
 E = Time spent auto-exploring this place.
 F = Levels seen in this place.
 G = Mean time per level.
                   A        B        C        D        E       F      G
               +--------+--------+--------+--------+--------+-----+--------+
         Total |   1791 |   1780 |     11 |    814 |    611 |   2 |  895.5 |
       Dungeon |   1791 |   1780 |     11 |    814 |    611 |   2 |  895.5 |
               +--------+--------+--------+--------+--------+-----+--------+

Top non-repeatable levels by time:
     D:1: 1685 daAuts
     D:2: 105 daAuts
